 Dungeon Crawl Stone Soup version 0.27.0-1-g7a08968 (webtiles) character file.

Game seed: 1525417586262146672

485 Orban the Poker (level 6, -1/48 HPs)
             Began as a Demonspawn Berserker on Sept 1, 2022.
             Was a Believer of Trog.
             Slain by a gnoll (8 damage)
             ... on level 4 of the Dungeon.
             The game lasted 00:08:53 (4680 turns).

Orban the Poker (Demonspawn Berserker)              Turns: 4680, Time: 00:08:54

Health: -1/48      AC: 12    Str: 20    XL:     6   Next: 88%
Magic:  6/6        EV:  6    Int:  6    God:    Trog [**....]
Gold:   262        SH:  0    Dex: 12    Spells: 5/5 levels left

rFire    . . .     SeeInvis .   p - +5 flail (drain)
rCold    . . .     Faith    .   (no shield)
rNeg     . . .     Spirit   .   k - +0 plate armour
rPois    .         Reflect  .   (no helmet)
rElec    .         Harm     .   (no cloak)
rCorr    .         Rampage  .   f - +0 pair of gloves
Will     ++...                  (no boots)
Stlth    ..........             (no amulet)
HPRegen  1.16/turn              (no ring)
MPRegen  0.10/turn              (no ring)

@: mighty, strong-willed, on berserk cooldown, regenerating, slowed, very slow
A: talons 1, demonic guardian 1, powered by pain 1, dopey 1
a: Renounce Religion, Berserk, Trog's Hand


You were on level 4 of the Dungeon.
You worshipped Trog.
Trog was pleased with you.
You visited 1 branch of the dungeon, and saw 4 of its levels.

You collected 262 gold pieces.

Inventory:

Hand Weapons
 a - a +0 spear
 j - a +1 dagger of freezing
 p - a +5 flail of draining (weapon)
Armour
 b - a +0 animal skin
 f - a +0 pair of gloves (worn)
 k - a +0 plate armour (worn)
Magical Staves
 n - a staff of conjuration
Wands
 r - a wand of paralysis (13)
Scrolls
 c - a scroll of magic mapping
 e - a scroll of summoning {unknown}
 o - a scroll of brand weapon {unknown}
 q - a scroll of teleportation {unknown}
Potions
 h - a potion of cancellation
 m - a potion of curing {unknown}


   Skills:
 + Level 4.2 Fighting
 + Level 1.2 Short Blades
 + Level 1.0 Maces & Flails
 + Level 4.8 Polearms
 + Level 3.1 Armour
 + Level 2.7 Dodging
 + Level 1.5 Stealth
 + Level 0.1 Unarmed Combat


You had 5 spell levels left.
You didn't know any spells.
Your spell library was empty.

Dungeon Overview and Level Annotations

Branches:
Dungeon (4/15)
 Temple: D:4-7

Altars:
Dithmenos
Sif Muna
Xom

Shops:
D:3 :   D:4 (

Annotations:
D:4 malesh's ghost, amateur FoFi


Innate Abilities, Weirdness & Mutations

You have sharp toenails.
A weak demonic guardian rushes to your aid.
You sometimes gain a little power by taking damage.
You are dopey. (Int -2)


Message History

The gnoll hits you from afar with a +0 spear.
The gnoll barely misses you.
Release spores at: -) Spores (confuse)
Press: ? - help, Dir - move target You swing at nothing.
You stop sporulating.
Your +5 flail of draining unmelds from your body.
Your +0 pair of gloves unmelds from your body.
Your +0 plate armour unmelds from your body.
You sense an unholy aura.
The gnoll hits you but does no damage.
Unknown command.
You feel much better.
The gnoll hits you from afar with a +0 spear.
The gnoll hits you but does no damage. x2
The gnoll hits you with a +0 halberd. The gnoll hits you but does no damage.
The gnoll hits you with a +0 halberd! The gnoll hits you but does no damage.
There is an open translucent door, spattered with blood here.
Things that are here:
a +2 spear of venom; a gnoll corpse You closely miss the gnoll.
Your kick misses the gnoll.
The gnoll is almost dead.
The gnoll hits you with a +0 halberd. Malesh's ghost closely misses you.
The gnoll hits you with a +0 spear. The gnoll hits you but does no damage.
Malesh's ghost screams, "What do you have that I didn't have?"
Malesh's ghost hits you but does no damage.
The gnoll hits you but does no damage.
You sock the gnoll!
You kill the gnoll!
Trog accepts your kill. The gnoll hits you but does no damage.
Malesh's ghost hits you.
A demonic guardian appears!
The gnoll hits you with a +0 halberd.
* * * LOW HITPOINT WARNING * * *
Malesh's ghost hits you.
* * * LOW HITPOINT WARNING * * *
Your skin crawls.
You feel strong-willed.
Your quasit bites the gnoll.
Your quasit closely misses the gnoll.
Your quasit claws the gnoll but does no damage.
The gnoll hits you with a +0 halberd!
You die...

..........≈≈#..###.###..#≈≈.....#
..........≈≈#...........#≈≈.....#
...####<..≈≈###.##'##.###≈≈......
..## ##..≈≈..#.#g$$#.#..≈≈......
.## #..≈≈.##.#...#.##.≈≈...... ##
##.≈≈.#..#.:.#..#.≈≈..##.. ##
#.≈≈.##.#####.##.≈≈..##.. .####
#.≈≈..#W#8)8#.#......##..
....#####.≈≈.©#g@.©)'.#©....###..
........#.≈≈..#5#)..#.#.....##...
...######.≈≈.##.##.##.##.≈≈......
.### #.≈≈.#..#...#.©#.≈≈......
...## #.≈≈.##.'...'.##.≈≈....).
....#####.≈≈..#.#...#.#..≈≈......
.......##.≈≈###.##'##.###≈≈..####
#####....|≈≈#...........#≈≈..# #
## ###...≈≈#..###.###..#≈≈..# #


You could see malesh's ghost, a gnoll (ally target) and a friendly quasit
(summoned).

Vanquished Creatures
  A black bear (D:4)
  A scorpion (D:3)
  Blork the orc (D:4)
  A centaur zombie (D:3)
  A jelly (D:4)
  Jessica (D:2)
  10 gnolls (D:4)
  3 adders
  A dart slug (D:3)
  3 orcs (D:3)
  4 endoplasms
  2 giant cockroaches
  5 goblins
  7 hobgoblins
  4 jackals (D:2)
  2 quokkas
  4 ball pythons
  2 bats (D:2)
  3 frilled lizards
  6 kobolds
  7 rats
69 creatures vanquished.

Vanquished Creatures (collateral kills)
  A gnoll (D:4)
  A jackal (D:2)
2 creatures vanquished.

Vanquished Creatures (others)
  6 plants (D:4)
6 creatures vanquished.

Grand Total: 77 creatures vanquished

Notes
Turn   | Place    | Note
-------+----------+-------------------------------------------
     0 | D:1      | Orban the Demonspawn Berserker began the quest for the Orb.
     0 | D:1      | Reached XP level 1. HP: 18/18 MP: 1/1
    16 | D:1      | Noticed an electric eel
   648 | D:1      | Gained mutation: A weak demonic guardian rushes to your
                  | aid. [demonic ancestry]
   648 | D:1      | Reached XP level 2. HP: 22/24 MP: 2/2
   831 | D:2      | o
   957 | D:2      | Reached ** piety under Trog
  1193 | D:2      | Found a faded altar of an unknown god.
  1233 | D:2      | Gained mutation: You sometimes gain a little power by
                  | taking damage. [demonic ancestry]
  1233 | D:2      | Reached XP level 3. HP: 18/29 MP: 3/3
  1454 | D:2      | Found a shimmering blue altar of Sif Muna.
  1498 | D:2      | Noticed Jessica
  1505 | D:2      | Killed Jessica
  1510 | D:2      | Reached XP level 4. HP: 36/36 MP: 4/4
  1926 | D:3      | Noticed a scorpion
  1933 | D:3      | Killed a scorpion
  1934 | D:3      | Reached skill level 1 in Stealth
  1934 | D:3      | Gained mutation: You have sharp toenails. [demonic
                  | ancestry]
  1934 | D:3      | Reached XP level 5. HP: 40/42 MP: 5/5
  2761 | D:3      | Found Muen's Book Shop.
  2767 | D:3      | Found a shadowy altar of Dithmenos.
  3085 | D:4      | Found Zeegiul's Weapon Boutique.
  3109 | D:4      | Found a shimmering altar of Xom.
  3120 | D:4      | Noticed a black bear
  3130 | D:4      | Killed a black bear
  3131 | D:4      | Reached skill level 1 in Short Blades
  3131 | D:4      | Reached XP level 6. HP: 8/48 MP: 6/6
  3441 | D:4      | Noticed malesh's ghost (amateur FoFi)
  3761 | D:4      | Reached *** piety under Trog
  4270 | D:4      | Noticed Blork the orc
  4276 | D:4      | Killed Blork the orc
  4277 | D:4      | Reached skill level 1 in Maces & Flails
  4288 | D:4      | Found a transporter.
  4385 | D:4      | Found a transporter.
  4598 | D:4      | Gained mutation: You are dopey. (Int -2) [potion of
                  | mutation]
  4680 | D:4      | Slain by a gnoll

Illustrated notes

.... #... ...
########..#
..........#
..........#
..........#####
.......@..$....
...............
...............
...............
...............
####....g......
#...........
#.........##


Turn 831 on D:2: o

Levels and vault maps discovered:
D:1:      arrival_aquarium_a, layout_rooms, wad_floor_pattern_untrapped,
          minmay_misc_feat_hallway
D:2:      layout_basic, basic_altar, hellmonk_ecumenical_altar_leap_of_faith,
          uniq_jessica
D:3:      layout_basic, mainiacjoe_overflow_brackets, serial_shops,
          nicolae_shop_temple_entry_statues_fountains
D:4:      layout_layer_cave, mainiacjoe_overflow_alcove_2, serial_shops,
          shop_statue, enter_ossuary_5, gammafunk_ghost_gnarly_gnolls,
          uniq_blork_the_orc

Skill      XL: |  1  2  3  4  5  6 |
---------------+-------------------+-----
Polearms       | 3 4 |  4.8
Dodging        | 2 |  2.7
Stealth        | 1 |  1.5
Fighting       | 4 |  4.2
Armour         | 2 3 |  3.1
Short Blades   | 1 |  1.2
Maces & Flails | 1 |  1.0
Unarmed Combat | |  0.1

Action                   |  1- 3 |  4- 6 || total
-------------------------+-------+-------++-------
Melee: Spear             |    92 |     3 ||    95
       Dagger            |       |    71 ||    71
       Kick              |       |    32 ||    32
       Flail             |       |    32 ||    32
       Unarmed           |       |     4 ||     4
Invok: Berserk           |     2 |     4 ||     6
       Trog's Hand       |       |     1 ||     1
  Use: Scroll            |       |     5 ||     5
       Potion            |       |     4 ||     4
 Stab: Sleeping          |     1 |       ||     1
Armor: Animal skin       |    20 |       ||    20
       Plate armour      |       |    67 ||    67
       Skin              |       |     5 ||     5
Dodge: Dodged            |    56 |    46 ||   102
